 Dungeon Crawl Stone Soup version 0.22-b1-21-g5cfc168 (webtiles) character file.

1575 dracos369 the Changer (level 8, -1/52 HPs)
             Began as an Octopode Transmuter on Aug 3, 2018.
             Was an Initiate of Gozag.
             Killed from afar by an orc wizard (7 damage)
             ... with a magic dart
             ... on level 6 of the Dungeon.
             The game lasted 00:25:10 (5718 turns).

dracos369 the Changer (Octopode Transmuter)         Turns: 5718, Time: 00:25:10

Health: -1/52      AC:  2    Str: 14    XL:     8   Next: 91%
Magic:  12/13      EV: 17    Int: 15    God:    Gozag
Gold:   144        SH:  4    Dex: 15    Spells: 4/14 levels left

rFire    . . .     SeeInvis .     - Unarmed
rCold    + . .     Gourm    .   (no shield)
rNeg     . . .     Faith    .   (helmet restricted)
rPois    .         Spirit   .   (no amulet)
rElec    .         Reflect  .   g - ring of protection from fire
rCorr    +         Harm     .   m - +5 ring of evasion
MR       .....                  t - ring of resist corrosion
Stlth    ++........             s - ring of ice
HPRegen  0.17/turn              (no ring)
MPRegen  0.13/turn              (no ring)
                                (no ring)
                                (no ring)

@: mighty, gold aura, slowed, heavily drained, very slow
A: almost no armour, stealthy swim, amphibious, 8 rings, constrict 8, tentacle
spike 1, large bone plates 1, camouflage 1, sense surroundings 1, shaggy fur 1,
gelatinous body 1
a: Potion Petition, Call Merchant, Bribe Branch, Renounce Religion


You were on level 6 of the Dungeon.
You worshipped Gozag.
Gozag was aware of your devotion.
You were not hungry.

You visited 2 branches of the dungeon, and saw 7 of its levels.

You collected 607 gold pieces.
You spent 378 gold pieces at shops.
You paid 85 gold pieces to Gozag.

Inventory:

Hand Weapons
 p - a +0 blowgun
Missiles
 a - 113 arrows
 q - 16 poisoned needles
 y - 3 tomahawks (quivered)
 B - 5 curare-tipped needles
Armour
 x - a +0 shield
Jewellery
 g - a ring of protection from fire (left tentacle)
 m - a +5 ring of evasion (right tentacle)
 s - a ring of ice (on tentacle)
 t - a ring of resist corrosion (on tentacle)
 A - an uncursed amulet of harm
Wands
 l - a wand of acid (8)
Scrolls
 b - a scroll of fog {unknown}
 d - 5 scrolls of identify {unknown}
 h - 4 scrolls of amnesia {unknown}
 j - 5 scrolls of teleportation {unknown}
 k - 5 scrolls of remove curse {unknown}
 o - 2 scrolls of fear {unknown}
 w - a scroll of magic mapping {unknown}
Potions
 f - 3 potions of agility
 i - a potion of haste {unknown}
 n - a potion of magic {unknown}
 r - a potion of degeneration {unknown}
 u - a potion of flight {unknown}
 v - a potion of might
 z - a potion of curing
Comestibles
 c - 7 rations


   Skills:
 + Level 3.0(1.7) Fighting
 - Level 2.0(0.8) Dodging
 + Level 6.7(5.3) Unarmed Combat
 + Level 3.8(2.5) Spellcasting
 + Level 7.0(5.7) Transmutations
 - Level 4.1(2.8) Poison Magic


You had 4 spell levels left.
You knew the following spells:

 Your Spells              Type           Power        Failure   Level  Hunger
a - Beastly Appendage     Tmut           ###...       1%          1    #......
c - Spider Form           Tmut/Pois      ##........   11%         3    ###....
d - Ice Form              Ice/Tmut       ###.....     54%         4    #####..
s - Sticks to Snakes      Tmut           ###.....     3%          2    ###....

Your spell library contained the following spells:

 Spells                   Type           Power        Failure   Level  Hunger
 Blade Hands              Tmut           ###.......   50%         5    ######.


Dungeon Overview and Level Annotations

Branches:
Dungeon (6/15)             Temple (1/1) D:4

Altars:
Ashenzari
Cheibriados
Dithmenos
Elyvilon
Gozag
Hepliaklqana
Kikubaaqudgha
Nemelex Xobeh
Okawaru
Qazlal
Ru
Sif Muna
Trog
Uskayaw
Vehumet
Zin
The Shining One

Shops:
D:5 !


Innate Abilities, Weirdness & Mutations

You cannot wear most types of armour.
You are very stealthy in the water. (Stealth+)
You are amphibious.
You can wear up to eight rings at the same time.
You can use your tentacles to constrict eight enemies at once.
Your skin changes colour to match your surroundings (Stealth+).
Your rubbery body absorbs attacks. (AC +1, EV +1)
One of your tentacles bears a spike.
You are partially covered in large bone plates. (SH +4)
You passively map a small area around you.
You are covered in fur. (AC +1)


Message History

The howler monkey zombie misses you.
You hit the howler monkey zombie.
The howler monkey zombie is moderately damaged.
Your transformation has ended.
The howler monkey zombie barely misses you. x2
Okay, then.
It was a potion of mutation.
You feel extremely strange. Fur sprouts all over your body.
You feel a strange attunement to the structure of the dungeons.
One of your lower tentacles grows a sharp spike.
Large bone plates grow over parts of your tentacles.
The howler monkey zombie barely misses you.
The orc wizard barely misses you. The orc wizard hits you with a dagger.
* * * LOW HITPOINT WARNING * * *
You feel very mighty all of a sudden. The orc wizard closely misses you.
The orc wizard casts a spell at you. The magic dart hits you!
You die...
Your body crumbles into a pile of gold.

* , , ##* * ...,
.### .... , *
...###.... , , #
#......... * *
#.######.#.#.....
#................ ,
#.......Z#$#.....
#....<..@o$......,<
#.......o##.#.... ,
, #........#* .. .
#........# ...
#........# ?..,
#........# ***##
#........#
##########


You could see 2 orc wizards and a howler monkey zombie.

Vanquished Creatures
  An orc warrior (D:6)
  A phantom (D:5)
  An ogre (D:6)
  The ghost of letownia2 the Insei, an amateur DsTm (D:4)
  Blork the orc (D:6)
  2 scorpions
  4 wights (D:4)
  3 crimson imps (D:5)
  A centaur zombie (D:4)
  A hound (D:4)
  A jelly (D:5)
  2 orc priests
  Terence (D:2)
  An iguana (D:6)
  7 orc wizards
  Natasha (thrice) (D:3)
  2 worker ants
  14 adders
  A river rat (D:4)
  A shadow imp (D:5)
  2 oozes
  4 worms
  A leopard gecko (D:4)
  25 orcs
  9 bats
  7 giant cockroaches
  8 goblins
  10 hobgoblins
  14 jackals
  8 kobolds
  2 quokkas
  4 frilled lizards
  4 rats
147 creatures vanquished.

Vanquished Creatures (collateral kills)
  An orc (D:6)
1 creature vanquished.

Vanquished Creatures (others)
  A jackal (D:6)
1 creature vanquished.

Grand Total: 149 creatures vanquished

Notes
Turn   | Place    | Note
-------+----------+-------------------------------------------
     0 | D:1      | dracos369 the Octopode Transmuter began the quest for the Orb.
     0 | D:1      | Reached XP level 1. HP: 13/13 MP: 3/3
   102 | D:1      | Reached XP level 2. HP: 11/18 MP: 5/5
   663 | D:2      | Reached XP level 3. HP: 18/23 MP: 6/6
   670 | D:2      | Learned a level 2 spell: Sticks to Snakes
   674 | D:2      | Learned a level 3 spell: Spider Form
  1166 | D:2      | Reached skill level 1 in Poison Magic
  1166 | D:2      | Reached XP level 4. HP: 28/28 MP: 3/7
  1433 | D:2      | Noticed Terence
  1439 | D:2      | Noticed a phantom
  1452 | D:2      | Killed Terence
  1452 | D:2      | Reached skill level 3 in Transmutations
  1715 | D:3      | Noticed Natasha
  1721 | D:3      | Killed Natasha
  1721 | D:3      | Reached XP level 5. HP: 25/33 MP: 4/8
  1775 | D:3      | Noticed Natasha
  1781 | D:3      | Killed Natasha
  2231 | D:3      | Reached skill level 4 in Transmutations
  2231 | D:3      | Reached XP level 6. HP: 38/38 MP: 5/9
  2442 | D:3      | Reached skill level 5 in Unarmed Combat
  2447 | D:3      | Found a white marble altar of Elyvilon.
  2476 | D:3      | Became a worshipper of Elyvilon the Healer
  2561 | D:3      | Noticed Natasha
  2569 | D:3      | Killed Natasha
  2839 | D:4      | Found a staircase to the Ecumenical Temple.
  2845 | Temple   | Entered the Ecumenical Temple
  3014 | D:4      | Found a sparkling altar of Nemelex Xobeh.
  3059 | D:4      | Reached * piety under Elyvilon
  3106 | D:4      | Reached XP level 7. HP: 25/43 MP: 10/10
  3167 | D:4      | Found a runed door.
  3409 | D:4      | Noticed letownia2's ghost (amateur DsTm)
  3441 | D:4      | Killed letownia2's ghost
  3441 | D:4      | Reached skill level 5 in Transmutations
  3462 | D:4      | Found a runed door.
  3604 | Temple   | Fell from the grace of Elyvilon
  3604 | Temple   | Became a worshipper of Gozag Ym Sagoz the Greedy
  4068 | D:5      | Entered Level 5 of the Dungeon
  4102 | D:5      | Found a sacrificial altar of Ru.
  4136 | D:5      | Found Goategosch's Distillery.
  4166 | D:5      | Reached skill level 6 in Transmutations
  4166 | D:5      | Reached XP level 8. HP: 29/48 MP: 11/11
  4299 | D:5      | Bought a potion of curing for 42 gold pieces
  4299 | D:5      | Bought 2 potions of might for 112 gold pieces
  4590 | D:5      | Learned a level 4 spell: Ice Form
  5345 | D:5      | Bought a potion of invisibility for 112 gold pieces
  5345 | D:5      | Bought 2 potions of agility for 112 gold pieces
  5356 | D:6      | Noticed Blork the orc
  5385 | D:6      | Killed Blork the orc
  5706 | D:6      | Reached skill level 7 in Transmutations
  5717 | D:6      | Gained mutation: You are covered in fur. (AC +1) [potion of mutation]
  5717 | D:6      | Gained mutation: You passively map a small area around you. [potion of mutation]
  5717 | D:6      | Gained mutation: One of your tentacles bears a spike. [potion of mutation]
  5717 | D:6      | Gained mutation: You are partially covered in large bone plates. (SH +4) [potion of mutation]
  5718 | D:6      | Killed from afar by an orc wizard

Skill      XL: |  1  2  3  4  5  6  7  8 |
---------------+-------------------------+-----
Unarmed Combat | 4 5 6 |  6.7
Poison Magic   | 1 2 3 4 |  4.1
Transmutations | 3 4 6 7 |  7.0
Spellcasting   | 3 |  3.8
Fighting       | 3 |  3.0
Dodging        | |  2.0

Action                   |  1- 3 |  4- 6 |  7- 9 || total
-------------------------+-------+-------+-------++-------
Melee: Unarmed           |    74 |   155 |   239 ||   468
       Constrict         |    16 |    30 |    25 ||    71
       Kick              |    10 |     3 |       ||    13
       Tentacles         |     7 |    19 |    34 ||    60
       Punch             |     1 |     2 |     7 ||    10
 Cast: Beastly Appendage |     7 |     2 |       ||     9
       Spider Form       |     2 |     6 |     5 ||    13
       Sticks to Snakes  |       |       |     2 ||     2
Invok: Lesser Healing    |       |       |     1 ||     1
       Potion Petition   |       |       |     1 ||     1
  Use: Potion            |       |       |     6 ||     6
 Stab: Sleeping          |     5 |     6 |     4 ||    15
       Distracted        |       |     1 |     1 ||     2
       Invisible         |       |       |     4 ||     4
  Eat: Chunk             |     1 |     6 |       ||     7
       Ration            |       |       |     3 ||     3
Armor: Skin              |     5 |    15 |     5 ||    25
Dodge: Dodged            |    36 |   117 |   189 ||   342
